 Dungeon Crawl Stone Soup version 0.28.0 (webtiles) character file.

Game seed: 17574336914731960411

370 pkoi the Shooter (level 6, 0/51 HPs)
             Began as a Minotaur Hunter on Feb 10, 2022.
             Slain by an ogre (8 damage)
             ... on level 4 of the Dungeon.
             The game lasted 00:05:04 (4165 turns).

pkoi the Shooter (Minotaur Hunter)                  Turns: 4165, Time: 00:05:05

Health: 0/51       AC:  6    Str: 17    XL:     6   Next: 42%
Magic:  5/5        EV: 12    Int:  8    God:
Gold:   255        SH:  0    Dex: 12    Spells: 5/5 levels left

rFire   . . .      SeeInvis .   b - +2 dagger (flame)
rCold   . . .      Faith    .   (no shield)
rNeg    + . .      Spirit   .   c - +0 leather armour
rPois   .          Reflect  .   e - +2 hat
rElec   .          Harm     .   s - +0 cloak
rCorr   .          Rampage  .   (no gloves)
Will    .....                   (no boots)
Stlth   ++........              (no amulet)
HPRegen 0.17/turn               h - ring of positive energy
MPRegen 0.09/turn               (no ring)

@: no status effects
A: horns 2, retaliatory headbutt
a: no special abilities


You were on level 4 of the Dungeon.
You visited 1 branch of the dungeon, and saw 4 of its levels.

You collected 255 gold pieces.

Inventory:

Hand Weapons
 a - a +1 shortbow
 b - a +2 dagger of flaming (weapon)
 f - a +0 dagger of holy wrath
 m - a +0 short sword
Missiles
 d - 84 arrows
Armour
 c - a +0 leather armour (worn)
 e - a +2 hat (worn)
 s - a +0 cloak (worn)
Jewellery
 h - a ring of positive energy (left hand)
Wands
 i - a wand of iceblast (7)
 l - a wand of flame (14)
Scrolls
 k - 2 scrolls of immolation
 r - a scroll of fog
Potions
 j - a potion of curing
 n - a potion of invisibility
 o - a potion of attraction
 p - a potion of brilliance {unknown}
 q - a potion of heal wounds {unknown}


   Skills:
 + Level 3.5 Fighting
 * Level 7.4 Bows
 + Level 3.1 Dodging
 + Level 2.0 Stealth


You had 5 spell levels left.
You didn't know any spells.
Your spell library contained the following spells:

 Spells                   Type           Power      Damage    Failure   Level
 Dispersal                Tloc           0%         N/A       100%        6
 Disjunction              Tloc           0%         N/A       100%        8


Dungeon Overview and Level Annotations

Branches:
Dungeon (4/15)
 Temple: D:4-7

Altars:


Innate Abilities, Weirdness & Mutations

You have a pair of horns on your head.
You reflexively headbutt those who attack you in melee.


Message History

The hobgoblin shouts!
A hobgoblin is nearby!
A hobgoblin is nearby!
A hobgoblin is nearby!
The hobgoblin closely misses you.
You hit the hobgoblin but do no damage. You headbutt the hobgoblin.
You kill the hobgoblin!
No target in view!
No target in view!
No target in view!
d - 60 arrows (gained 12)
d - 84 arrows (gained 24)
You open the door.
There is an open door here.
There is an open door here.
Found a stone staircase leading down.
Found a pair of boots.
You now have 255 gold pieces (gained 16).
There is an abandoned shop here.
You open the door.
There is an open door here.
An ogre comes into view. It is wielding a +0 giant club.
Found 27 bolts.
The ogre shouts!
An ogre is nearby!
An ogre is nearby!
The ogre hits you with a +0 giant club!!
Ouch! That really hurt!
* * * LOW HITPOINT WARNING * * *
You are too injured to fight recklessly!
You hit the ogre. You burn the ogre.
The ogre is lightly wounded.
The ogre hits you with a +0 giant club!
* * * LOW HITPOINT WARNING * * *
You hit the ogre. You burn the ogre.
The ogre is moderately wounded.
You hit the ogre. You burn the ogre.
The ogre is heavily wounded.
The ogre hits you with a +0 giant club!
You die...

...##..#####.....######..###..###
...##..###.......#...##..###..##.
...#.....'.......#...............
.>.#.....#.......#...............
...+.....#.......#...............
..###..###.......############.###
..###..####'####......(. #.###
...............#........ #....
...............#@....... #....
.....∩.........#O....... #....
...............#........ #....
...............#........ #....
################........ #####
#########


You could see an ogre.

Vanquished Creatures
  A phantom (D:4)
  An orc wizard (D:2)
  6 adders
  4 gnolls (D:4)
  A dart slug (D:3)
  4 orcs
  6 bats
  8 endoplasms
  2 giant cockroaches
  8 goblins
  11 hobgoblins
  5 kobolds
  3 quokkas
  8 ball pythons
  2 frilled lizards
  5 rats
75 creatures vanquished.

Vanquished Creatures (collateral kills)
  Pargi (D:3)
1 creature vanquished.

Grand Total: 76 creatures vanquished

Notes
Turn   | Place    | Note
-------+----------+-------------------------------------------
     0 | D:1      | pkoi the Minotaur Hunter began the quest for the Orb.
     0 | D:1      | Reached XP level 1. HP: 18/18 MP: 0/0
   130 | D:1      | Reached XP level 2. HP: 24/25 MP: 1/1
   202 | D:1      | Reached skill level 5 in Bows
  1121 | D:1      | Reached XP level 3. HP: 25/30 MP: 2/2
  1439 | D:2      | Found Eroguriph's Book Boutique.
  1448 | D:2      | Found a faded altar of an unknown god.
  1563 | D:2      | Reached skill level 6 in Bows
  1567 | D:2      | Reached XP level 4. HP: 34/37 MP: 3/3
  2383 | D:3      | Reached skill level 1 in Stealth
  2728 | D:3      | Noticed Pargi
  2735 | D:3      | Killed Pargi
  2736 | D:3      | Reached skill level 7 in Bows
  2736 | D:3      | Reached XP level 5. HP: 34/45 MP: 4/4
  3504 | D:4      | Reached XP level 6. HP: 51/51 MP: 5/5
  4165 | D:4      | Slain by an ogre

Illustrated notes

Levels and vault maps discovered:
D:1:      dpeg_arrival_snail, layout_loops_ring
D:2:      layout_basic, serial_shops, nicolae_shop_statue_plus,
          chequers_ecumenical_altar_simple_redux
D:3:      layout_basic, kennysheep_generic_room_14, uniq_pargi
D:4:      layout_gridville, abandoned_shop, minmay_vboxes

Skill      XL: |  1  2  3  4  5  6 |
---------------+-------------------+-----
Bows           | 5 6 7 |  7.4
Stealth        | 1 2 |  2.0
Fighting       | 3 |  3.5
Dodging        | 3 |  3.1

Action                   |  1- 3 |  4- 6 || total
-------------------------+-------+-------++-------
Melee: Short sword       |    24 |    11 ||    35
       Headbutt          |    18 |     1 ||    19
       Dagger            |    56 |    19 ||    75
 Fire: Shortbow          |     4 |    70 ||    74
  Use: Scroll            |       |     8 ||     8
Armor: Leather armour    |    35 |    32 ||    67
Dodge: Dodged            |    46 |    46 ||    92
